 Dungeon Crawl Stone Soup version 0.31-a0-844-gdc52ec4e09 (webtiles) character file.

Game seed: 14771288456219034813

2912 Pixllover the Cleaver (level 9, -6/55 HPs)
             Began as a Gargoyle Berserker on Sept 28, 2023.
             Was a Priest of Trog.
             Killed from afar by an acid dragon (25 damage)
             ... with a splash of acid
             ... on level 7 of the Dungeon.
             The game lasted 00:15:34 (5827 turns).

Pixllover the Cleaver (Gargoyle Berserker)          Turns: 5827, Time: 00:15:34

Health: -6/55      AC: 19    Str: 29    XL:     9   Next: 78%
Magic:  9/9        EV:  9    Int:  7    God:    Trog [***...]
Gold:   94         SH:  4    Dex:  9    Spells: 8/8 levels left

rFire   . . .        k - +0 broad axe
rCold   . . .        j - +0 buckler
rNeg    + + .        q - +0 chain mail
rPois   ∞            y - +0 helmet
rElec   +            (no cloak)
rCorr   .            (no gloves)
SInv    .            A - +0 pair of boots of Refuge {Str+3}
Will    ++...        (no amulet) Stlth
                     w - ring of positive energy
HPRegen 1.29/turn    (no ring)
MPRegen 0.11/turn

%: no passive effects
@: strong-willed (expiring), on berserk cooldown, regenerating (expiring),
slowed, very slow
A: sickness immunity, AC +6, negative energy resistance 1, electricity
resistance, torment resistance 1, petrification resistance
a: Renounce Religion, Berserk, Trog's Hand


You were on level 7 of the Dungeon.
You worshipped Trog.
Trog was most pleased with you.
You visited 1 branch of the dungeon, and saw 7 of its levels.

You collected 353 gold pieces.
You spent 259 gold pieces at shops.

Inventory:

Hand Weapons
 b - a +0 hand axe of flaming
 k - a +0 broad axe (weapon)
 B - the +5 flail of the Magi {speed, rElec Str+3 Int+2 Stlth+}
   (You found it on level 7 of the Dungeon)

   Str+3:     It affects your strength (+3).
   Int+2:     It affects your intelligence (+2).
   rElec:     It insulates you from electricity.
   Stlth+:    It makes you more stealthy.
Missiles
 l - 21 poisoned darts (quivered)
Armour
 j - a +0 buckler (worn)
 q - a +0 chain mail (worn)
 y - a +0 helmet (worn)
 A - the +0 pair of boots of Refuge (worn) {Str+3}
   (You bought it in a shop on level 1 of the Dungeon)

   Str+3:     It affects your strength (+3).
Jewellery
 w - a ring of positive energy (left hand)
Wands
 v - a wand of flame (7)
 z - a wand of charming (2)
Scrolls
 d - a scroll of enchant armour {unknown}
 e - 2 scrolls of poison
 f - 3 scrolls of immolation
 g - 2 scrolls of teleportation {unknown}
 p - a scroll of enchant weapon {unknown}
 r - a scroll of blinking {unknown}
 u - 2 scrolls of fear {unknown}
 x - a scroll of brand weapon {unknown}
Potions
 a - a potion of degeneration {unknown}
 c - 3 potions of curing
 h - a potion of lignification {unknown}
 i - 2 potions of enlightenment
 m - 3 potions of heal wounds
 n - a potion of berserk rage {unknown}
 o - a potion of might {unknown}
 s - a potion of attraction
 t - a potion of brilliance {unknown}


   Skills:
 + Level 6.0 Fighting
 + Level 9.3 Axes
 + Level 0.5 Throwing
 + Level 7.1 Armour
 + Level 3.4 Dodging
 + Level 0.4 Stealth
 + Level 2.2 Shields


You had 8 spell levels left.
You didn't know any spells.
Your spell library was empty.

Dungeon Overview and Level Annotations

Branches:
Dungeon (7/15)             Temple (0/1) D:5

Altars:
Cheibriados
Elyvilon
Gozag
Kikubaaqudgha
Makhleb
Sif Muna
Trog
Uskayaw
Wu Jian
Xom

Shops:
D:1 [   D:2 ?   D:4 [

Annotations:
D:6 Jeremiah


Innate Abilities, Weirdness & Mutations

You are immune to sickness and miasma.
Your stone body is resilient. (AC +6)
You are immune to poison.
You resist negative energy. (rN+)
You are resistant to electric shocks. (rElec)
You are resistant to unholy torment.
You are immune to petrification.


Message History

Things that are here:
a +0 giant club; a +0 dire flail; a two-headed ogre corpse You closely miss the troll.
The troll bites you but does no damage. The troll barely misses you. x2
You barely miss the troll. You slice the troll!!
The troll is severely wounded.
The troll barely misses you. x2; The troll claws you but does no damage.
You closely miss the troll.
The troll is severely wounded.
The troll bites you but does no damage.
The troll claws you but does no damage. x2
You hit the troll.
The troll is severely wounded.
The troll closely misses you. The troll claws you!
* * * LOW HITPOINT WARNING * * *
The troll claws you but does no damage.
You slash the troll!
You kill the troll!
Trog accepts your kill.
The troll leather armour is intact enough to wear.
Your Fighting skill increases to level 6!
Your Armour skill increases to level 7!
You miss the vampire mosquito.
The vampire mosquito is severely damaged.
The vampire mosquito closely misses you.
The vampire mosquito bites you but does no damage.
You slice the vampire mosquito!!
You destroy the vampire mosquito!
Trog accepts your kill.
Things that are here:
a +0 troll leather armour; a vampire mosquito corpse; a troll corpse You feel a strong urge to attack something.
You are no longer berserk.
You are exhausted.
You feel yourself slow down.
You feel the effects of Trog's Hand fading.
An acid dragon comes into view.
The acid dragon spits acid at you. The splash of acid hits you!!
You die...

#.## # +..## # #...# # #[.. #
###+###..# # #.....#..# #
#.#.#.#..### ### ### ### ##
T'...#.)D...###.###.###.###.
O.##.#.#.#..#@.#.#.#.#.#.#.#.#
). #.....#..#..#.#.#.#.#.#.#.#
# # #+###....#.###.###.###.##
#[###### ### ### ### #)# +.#
#........ #.######. #.#


You could see an acid dragon (catching breath).

Vanquished Creatures
  A two-headed ogre (D:7)
  A troll (D:7)
  A vampire mosquito (D:7)
  A water moccasin (D:7)
  The ghost of Omnilove the Shooter, an amateur SpHu (D:4)
  4 black bears
  An ice beast (D:6)
  A kobold brigand (D:7)
  Blork the orc (D:5)
  2 bullfrogs
  3 scorpions
  4 wights (D:6)
  A jelly (D:6)
  3 hounds
  3 orc priests
  Jessica (D:3)
  5 iguanas
  3 orc wizards
  4 gnolls (D:5)
  12 adders
  An ufetubus (D:5)
  A worm (D:2)
  3 dart slugs
  17 orcs
  10 endoplasms
  4 giant cockroaches
  2 hobgoblins
  4 quokkas
  6 ball pythons
  7 bats
  3 frilled lizards
  4 goblins
  5 kobolds
  3 rats (D:1)
123 creatures vanquished.

Notes
Turn   | Place    | Note
-------+----------+-------------------------------------------
     0 | D:1      | Pixllover the Gargoyle Berserker began the quest for the
                  | Orb.
     0 | D:1      | Reached XP level 1. HP: 14/14 MP: 1/1
     6 | D:1      | Noticed a basilisk
     6 | D:1      | Noticed a tyrant leech
     6 | D:1      | Noticed an imperial myrmidon
     7 | D:1      | Noticed a hell rat
     7 | D:1      | Noticed a yaktaur captain
    50 | D:1      | Found Raoxitt's Armour Shop.
    85 | D:1      | Reached skill level 3 in Axes
   119 | D:1      | Reached XP level 2. HP: 19/19 MP: 2/2
   177 | D:1      | Found a faded altar of an unknown god.
   958 | D:2      | Reached ** piety under Trog
   959 | D:2      | Reached XP level 3. HP: 23/23 MP: 3/3
  1139 | D:2      | Found Reabluh's Magic Scroll Emporium.
  1147 | D:2      | Bought a scroll of identify for 28 gold pieces
  1550 | D:2      | Reached skill level 4 in Axes
  1730 | D:3      | Reached XP level 4. HP: 28/28 MP: 4/4
  1816 | D:3      | Found an ancient bone altar of Kikubaaqudgha.
  1903 | D:3      | Noticed a black bear
  1929 | D:3      | Killed a black bear
  1930 | D:3      | Reached XP level 5. HP: 33/33 MP: 5/5
  2089 | D:3      | Noticed Jessica
  2095 | D:3      | Killed Jessica
  2096 | D:3      | Reached XP level 6. HP: 38/38 MP: 6/6
  2098 | D:3      | Found a burning altar of Makhleb.
  2359 | D:3      | Reached skill level 5 in Axes
  2610 | D:4      | Found a runed translucent door.
  2740 | D:4      | Noticed Omnilove's ghost (amateur SpHu)
  2907 | D:4      | Reached XP level 7. HP: 42/43 MP: 7/7
  2921 | D:4      | Found Urupnu's Antique Armour Boutique.
  2951 | D:4      | Found a bloodstained altar of Trog.
  2961 | D:4      | Reached skill level 6 in Axes
  2961 | D:4      | Reached skill level 1 in Shields
  3226 | D:5      | Entered Level 5 of the Dungeon
  3231 | D:5      | Found an opulent altar of Gozag.
  3232 | D:5      | Found a shimmering blue altar of Sif Muna.
  3232 | D:5      | Found an ornate altar of the Wu Jian Council.
  3249 | D:5      | Found a white marble altar of Elyvilon.
  3425 | D:5      | Reached *** piety under Trog
  3426 | D:5      | Reached XP level 8. HP: 40/48 MP: 8/8
  3483 | D:5      | Found a hide-covered altar of Uskayaw.
  3557 | D:5      | Reached skill level 7 in Axes
  3579 | D:5      | Noticed Blork the orc
  3588 | D:5      | Killed Blork the orc
  3712 | D:5      | Found a staircase to the Ecumenical Temple.
  4041 | D:6      | Found a shimmering altar of Xom.
  4538 | D:6      | Reached skill level 8 in Axes
  4559 | D:6      | Reached skill level 5 in Armour
  4710 | D:6      | Noticed Jeremiah
  5014 | D:6      | Found a snail-covered altar of Cheibriados.
  5428 | D:4      | Reached skill level 5 in Fighting
  5428 | D:4      | Reached XP level 9. HP: 54/54 MP: 9/9
  5457 | D:4      | Killed Omnilove's ghost
  5577 | D:1      | Bought the +0 pair of boots of Refuge {Str+3} for 231 gold
                  | pieces
  5780 | D:7      | Identified the +5 flail of the Magi {speed, rElec Str+3
                  | Int+2 Stlth+}
  5784 | D:7      | Noticed a troll
  5784 | D:7      | Noticed a two-headed ogre
  5811 | D:7      | Killed a two-headed ogre
  5812 | D:7      | Reached skill level 9 in Axes
  5818 | D:7      | Killed a troll
  5827 | D:7      | Killed from afar by an acid dragon

Illustrated notes

Levels and vault maps discovered:
D:1:      onia_arrival_zoo_common, layout_basic,
          hellmonk_ecumenical_altar_zigzags, serial_shops, shop_statue,
          minmay_close_crescents
D:2:      layout_loops_ring, serial_shops, nicolae_shop_stone,
          minmay_misc_feat_more_columns
D:3:      layout_loops_ring, amcnicky_altar_gilded, lemuel_round_altar,
          hex_large, uniq_jessica
D:4:      layout_cave_pools, trog_ov_bears_minmay, ebering_ghost_sewer_d,
          serial_shops, nicolae_square_shop, grunt_ministairs_9, minivault_26
D:5:      layout_loops_ring, mainiacjoe_overflow_brackets,
          grunt_temple_overflow_open, minmay_temple_entry_crystal_x,
          uniq_blork_the_orc
D:6:      layout_basic, mainiacjoe_overflow_small_starburst,
          mainiacjoe_overflow_boulevard, uniq_jeremiah
D:7:      minmay_the_grid_square_5x5_3x3 [minmay_the_grid_square_5x5_bite,
          minmay_the_grid_square_5x5_meh,
          minmay_the_grid_square_5x5_inverted_slash,
          minmay_the_grid_square_5x5_eight_small,
          minmay_the_grid_square_5x5_megaprize_crossed,
          minmay_the_grid_square_5x5_two, minmay_the_grid_square_5x5_misaligned,
          minmay_the_grid_square_5x5_plus,
          minmay_the_grid_square_5x5_six_small], layout_loops_ring,
          grunt_decor_resistance, uniq_joseph, uniq_maggie

Skill      XL: |  1  2  3  4  5  6  7  8  9 |
---------------+----------------------------+-----
Axes           | 3 4 5 6 8 9 |  9.3
Armour         | 3 4 5 7 |  7.1
Dodging        | 2 3 |  3.4
Fighting       | 4 5 6 |  6.0
Shields        | 1 2 |  2.2
Throwing       | |  0.5
Stealth        | |  0.4

Action                     |  1- 3 |  4- 6 |  7- 9 || total
---------------------------+-------+-------+-------++-------
  Melee: Hand axe          |    85 |     4 |       ||    89
         Punch             |     1 |       |       ||     1
         Broad axe         |       |    82 |   243 ||   325
  Throw: Dart              |       |     2 |     1 ||     3
 Invoke: Berserk           |       |     1 |     3 ||     4
         Trog's Hand       |       |       |     2 ||     2
    Use: Scroll            |     2 |       |     4 ||     6
         Potion            |     1 |     1 |       ||     2
 Armour: Animal skin       |     5 |       |       ||     5
         Ring mail         |    40 |    74 |    24 ||   138
         Chain mail        |       |       |   209 ||   209
         Skin              |       |       |     1 ||     1
  Dodge: Dodged            |    67 |    59 |   130 ||   256
  Block: Buckler           |     1 |    17 |    40 ||    58

Table legend: (Time is in decaauts)
 A = Elapsed time spent in this place.
 B = Non-inter-level travel time spent in this place.
 C = Inter-level travel time spent in this place.
 D = Time resting spent in this place.
 E = Time spent auto-exploring this place.
 F = Levels seen in this place.
 G = Mean time per level.
                   A        B        C        D        E       F      G
               +--------+--------+--------+--------+--------+-----+--------+
         Total |   5959 |   5629 |    330 |    359 |   2985 |   7 |  851.3 |
       Dungeon |   5959 |   5629 |    330 |    359 |   2985 |   7 |  851.3 |
               +--------+--------+--------+--------+--------+-----+--------+

Top non-repeatable levels by time:
     D:6: 1216 daAuts
     D:3: 1083 daAuts
     D:5: 1005 daAuts
     D:1: 988 daAuts
     D:4: 802 daAuts
     D:2: 728 daAuts
     D:7: 135 daAuts
